 Dungeon Sprint DCSS version 0.17-a0-1534-gf98da79 (webtiles) character file.

20617 ztt the Severer (level 12, -3/124 HPs)
             Began as a Hill Orc Fighter on July 17, 2015.
             Was the Champion of Qazlal.
             Slain by a red devil
             ... wielding a +0 demon trident
             ... summoned by the player character
              (7 damage)
             ... in the Dungeon (Sprint V: "Ziggurat Sprint").
             The game lasted 00:05:15 (851 turns).

ztt the Severer (Hill Orc Fighter)                   Turns: 851, Time: 00:05:15

Health: -3/124     AC: 30    Str: 36    XL:     12   Next: 81%
Magic:  10/25      EV:  7    Int:  8    God:    Qazlal [******]
Gold:   0          SH: 42    Dex: 10    Spells: 0 memorised, 11 levels left

rFire  + . .     SeeInvis +     K - +14 obsidian axe {chop, +Fly Str+3 SInv *Curse} (curse)
rCold  . . .     Clarity  .     J - +15 Maxwell's patent armour {-Cast -Tele rElec MR+ rCorr}
rNeg   + + .     SustAt   .     O - +18 shield of the gong {rElec rN+ MR+ EV-5}
rPois  .         Gourm    .     (no helmet)
rElec  +         Spirit   .     b - +0 cloak {MR+}
rCorr  +         Warding  +     T - +2 pair of gloves {Str+3}
rMut   .         NoTele   +     (no boots)
MR     +++..     NoCast   +     P - amulet of warding
Stlth  ..........               R - ring of Departure {rF+ EV+2 Slay+5 Stlth+}
                                H - +6 ring of strength

@: lethally poisoned (-3 -> -47), protected from physical damage, corroded
equipment, mesmerised, slowed, studying Ice Magic, repel missiles, very slow,
extremely resistant to hostile enchantments, extremely unstealthy
A: no striking features
a: Upheaval, Elemental Force, Disaster Area, Renounce Religion, Evoke Flight


You were in the Dungeon.
You worshipped Qazlal.
Qazlal was exalted by your worship.
You were not hungry.

You visited 1 branch

Inventory:

Hand weapons
 K - the cursed +14 obsidian axe (weapon) {chop, +Fly Str+3 SInv *Curse}
   (You found it in the Dungeon)

   It inflicts extra damage upon your enemies.
   It affects your strength (+3).
   It lets you see invisible.
   It lets you fly.
   It may re-curse itself when equipped.
   It has a curse placed upon it.
 L - a +5 battleaxe
 M - a +5 executioner's axe
 N - a +5 broad axe
Armour
 b - a +0 cloak of magic resistance (worn)
 J - the +15 Maxwell's patent armour (worn) {-Cast -Tele rElec MR+ rCorr}
   (You found it in the Dungeon)

   It insulates you from electricity.
   It affects your resistance to hostile enchantments.
   It prevents spellcasting.
   It prevents most forms of teleportation.
   It protects you from acid and corrosion.
 O - the +18 shield of the gong (worn) {rElec rN+ MR+ EV-5}
   (You found it in the Dungeon)

   It affects your evasion (-5).
   It insulates you from electricity.
   It protects you from negative energy.
   It affects your resistance to hostile enchantments.
 T - a +2 pair of gloves of strength (worn)
Jewellery
 D - a +6 ring of dexterity
 E - a +6 ring of dexterity
 F - a +6 ring of intelligence
 G - a +6 ring of intelligence
 H - a +6 ring of strength (left hand)
 I - a +6 ring of strength
 P - an amulet of warding (around neck)
 R - the ring of Departure (right hand) {rF+ EV+2 Slay+5 Stlth+}
   (You found it in the Dungeon)

   [ring of evasion]

   It affects your evasion (+2).
   It affects your accuracy and damage with ranged weapons and melee attacks
   (+5).
   It protects you from fire.
   It makes you more stealthy.
 U - an uncursed ring of fire
Magical devices
 a - a wand of frost (29)
 c - a wand of enslavement (3)
 y - a wand of disintegration (7)
 A - a wand of fire (5)
 B - a wand of cold (5)
 C - a wand of draining (5)
Scrolls
 k - 4 scrolls of blinking
 l - 4 scrolls of amnesia
 m - 3 scrolls of recharging
 n - 7 scrolls of fog
 o - a scroll of holy word
 p - 5 scrolls of identify
 q - 5 scrolls of remove curse
 r - 2 scrolls of fear
 Q - 4 scrolls of enchant armour
Potions
 d - 6 potions of might
 f - 10 potions of curing
 g - 9 potions of heal wounds
 h - 6 potions of haste
 i - 7 potions of magic
 j - 3 potions of berserk rage
 s - 2 potions of brilliance
 t - 2 potions of invisibility
 u - 4 potions of resistance
 v - a potion of lignification {unknown}
 w - 5 potions of agility
Books
 S - a manual of Ice Magic
Comestibles
 e - 5 bread rations
 x - 42 fruits
 z - 4 meat rations


   Skills:
 + Level 16.6 Fighting
 + Level 20.1 Axes
 + Level 12.4 Armour
 + Level 3.1 Dodging
 + Level 2.5 Stealth
 + Level 16.4 Shields
 * Level 18.0 Invocations


You had 11 spell levels left.
You didn't know any spells.

Dungeon Overview and Level Annotations

Branches:
Dungeon (1/1)

Altars:
Ashenzari
Cheibriados
Dithmenos
Elyvilon
Fedhas
Gozag
Kikubaaqudgha
Makhleb
Nemelex Xobeh
Okawaru
Qazlal
Ru
Sif Muna
Trog
Vehumet
Xom
Yredelemnul
Zin
The Shining One
Beogh
Jiyva
Lugonu


Message History

* * * LOW HITPOINT WARNING * * *
You feel extremely sick.
The hornet is engulfed in freezing vapours.
The hornet stings you but does no damage.
You block the emperor scorpion's attack.
GONNNNG!
You block the emperor scorpion's attack.
GONNNNG!
You block the emperor scorpion's attack.
PANG!
You block the red devil's attack.
BOUMMMMG!
The hornet is engulfed in freezing vapours.
The hornet completely misses you.
The emperor scorpion stings you but does no damage.
The emperor scorpion claws you.
* * * LOW HITPOINT WARNING * * *
The emperor scorpion claws you but does no damage.
The red devil hits you from afar with a demon trident!
You die...

▓........▓
▓....8©8....▓..)†....▓
▓..}}=:[)|..▓.▓....▓.▓
▓.§§}§.§§§..▓........▓
▓.§§§§[§§.≈.▓▓▓▓▓▓▓▓▓▓
▓..§≈≈§§§§..▓...8©8...
▓..≈§.§§.§§.▓..§)[§...
▓...§§≈§§...▓.§.333...
▓s@y§.▓ ▓..§......
▓▓.§.▓▓ ▓.........
▓..▓§≈4≈.▓..▓...§.....
▓..§§.≈≈....▓.........
▓▓▓▓▓▓▓▓▓▓▓▓▓.▓.....▓.
▓....8©8....▓.........
▓..}))[\))..▓▓▓▓▓▓▓▓▓▓
▓...}§§:)...▓...8©8...
▓...§.§.§...▓..§.}4..§


You could see an emperor scorpion, a hornet and a red devil.

Vanquished Creatures
  A shadow dragon (D)
  2 fire giants (D)
  2 angels (D)
  An apis (D)
  2 fire dragons (D)
  An entropy weaver (D)
  A soul eater (D)
  A cherub (D)
  A spriggan druid (D)
  An orb spider (D)
  A moth of wrath (D)
  2 hornets (D)
  A wolf spider (D)
  2 toenail golems (D)
  A spiny frog (D)
  3 efreet (D)
  A demonic crawler (D)
  A fire drake (D)
  2 trolls (D)
  A jumping spider (D)
  2 two-headed ogres (D)
  A redback (D)
  Sigmund (D)
  2 deep elf magi (D)
  4 spriggans (D)
  A fire elemental (D)
  A tarantella (D)
  3 wolves (D)
  A large abomination (D)
  A hell hound (D)
  3 wasps (D)
  A black bear (D)
  2 necrophages (D)
  An ogre (D)
  A phantom (D)
  Blork the orc (D)
  4 earth elementals (D)
  2 giant frogs (D)
  2 crimson imps (D)
  A wight (D)
  Crazy Yiuf (D)
  Jessica (D)
  A sheep (D)
  2 river rats (D)
  3 shadow imps (D)
  A white imp (D)
  An ufetubus (D)
  An adder zombie (D)
  2 adder skeletons (D)
  4 bat skeletons (D)
  3 bat zombies (D)
  A ball python zombie (D)
  A giant cockroach zombie (D)
  A giant gecko zombie (D)
  A jackal skeleton (D)
  A jackal zombie (D)
  A spectral ball python (D)
89 creatures vanquished.

Vanquished Creatures (collateral kills)
  An ogre (D)
  An earth elemental (D)
  A wight (D)
3 creatures vanquished.

Grand Total: 92 creatures vanquished

Notes
Turn   | Place    | Note
--------------------------------------------------------------
     0 | D        | ztt the Hill Orc Fighter began the quest for the Orb.
     0 | D        | Reached XP level 1. HP: 19/19 MP: 1/1
     0 | D        | Found an iron altar of Okawaru.
     0 | D        | Found a burning altar of Makhleb.
     0 | D        | Found a radiant altar of Vehumet.
     0 | D        | Found a deep blue altar of Sif Muna.
     0 | D        | Found a shimmering altar of Xom.
     6 | D        | Found a corrupted altar of Lugonu.
     6 | D        | Found a roughly hewn altar of Beogh.
     6 | D        | Found a white marble altar of Elyvilon.
     6 | D        | Found a viscous altar of Jiyva.
     6 | D        | Found a sparkling altar of Nemelex Xobeh.
     6 | D        | Found a bloodstained altar of Trog.
    91 | D        | Became a worshipper of Qazlal Stormbringer
    95 | D        | Reached skill level 7 in Axes
    95 | D        | Reached XP level 2. HP: 26/26 MP: 1/6
   151 | D        | Entered arena 1.
   151 | D        | Noticed a deep elf mage
   151 | D        | Noticed a deep elf mage
   154 | D        | Killed a deep elf mage
   154 | D        | Reached skill level 8 in Axes
   154 | D        | Reached XP level 3. HP: 31/38 MP: 7/7
   154 | D        | Reached XP level 4. HP: 36/45 MP: 9/9
   154 | D        | Reached XP level 5. HP: 40/51 MP: 10/10
   155 | D        | Killed a deep elf mage
   155 | D        | Reached XP level 6. HP: 44/62 MP: 11/11
   247 | D        | Entered arena 2.
   249 | D        | Acquired Qazlal's first power
   258 | D        | Entered arena 3.
   258 | D        | Noticed Sigmund
   258 | D        | Noticed Jessica
   258 | D        | Noticed Blork the orc
   258 | D        | Noticed Crazy Yiuf
   261 | D        | Killed Sigmund
   261 | D        | Acquired Qazlal's second power
   261 | D        | Reached skill level 9 in Fighting
   261 | D        | Reached XP level 7. HP: 68/70 MP: 12/12
   262 | D        | Killed Blork the orc
   263 | D        | Killed Crazy Yiuf
   266 | D        | Killed Jessica
   285 | D        | Entered arena 4.
   285 | D        | Noticed a necrophage
   285 | D        | Noticed a necrophage
   285 | D        | Noticed a wight
   287 | D        | Acquired Qazlal's third power
   288 | D        | Killed a wight
   290 | D        | Killed a necrophage
   290 | D        | Reached skill level 10 in Fighting
   292 | D        | Killed a necrophage
   292 | D        | Reached skill level 10 in Axes
   297 | D        | Entered arena 5.
   297 | D        | Noticed a wight
   297 | D        | Noticed a phantom
   298 | D        | Acquired Qazlal's fourth power
   300 | D        | Killed a phantom
   300 | D        | Reached XP level 8. HP: 78/80 MP: 14/14
   301 | D        | Killed a wight
   301 | D        | Acquired Qazlal's fifth power
   313 | D        | Entered arena 6.
   313 | D        | Noticed a two-headed ogre
   313 | D        | Noticed a two-headed ogre
   313 | D        | Noticed an ogre
   313 | D        | Noticed a troll
   313 | D        | Noticed a troll
   313 | D        | Noticed an ogre
   319 | D        | Killed a troll
   319 | D        | Reached skill level 10 in Shields
   319 | D        | Killed a two-headed ogre
   319 | D        | Reached skill level 11 in Fighting
   319 | D        | Reached skill level 10 in Invocations
   319 | D        | Killed a troll
   320 | D        | Killed an ogre
   322 | D        | Killed a two-headed ogre
   322 | D        | Reached XP level 9. HP: 63/90 MP: 14/17
   324 | D        | Killed an ogre
   333 | D        | Identified Ryddatt's Guide on Unholy Rituals (You found it in the Dungeon)
   427 | D        | Entered arena 7.
   427 | D        | Noticed a spiny frog
   427 | D        | Noticed a giant frog
   427 | D        | Noticed a giant frog
   429 | D        | Killed a giant frog
   429 | D        | Reached skill level 12 in Axes
   432 | D        | Killed a spiny frog
   434 | D        | Killed a giant frog
   441 | D        | Got the ring of Departure {rF+ EV+2 Slay+5 Stlth+}
   445 | D        | Entered arena 8.
   445 | D        | Noticed a toenail golem
   445 | D        | Noticed an earth elemental
   445 | D        | Noticed an earth elemental
   445 | D        | Noticed an earth elemental
   445 | D        | Noticed an earth elemental
   445 | D        | Noticed an earth elemental
   445 | D        | Noticed a toenail golem
   451 | D        | Killed an earth elemental
   451 | D        | Reached skill level 10 in Armour
   451 | D        | Killed an earth elemental
   452 | D        | Killed a toenail golem
   452 | D        | Reached skill level 13 in Axes
   453 | D        | Killed a toenail golem
   455 | D        | Killed an earth elemental
   455 | D        | Killed an earth elemental
   455 | D        | Reached XP level 10. HP: 89/100 MP: 17/19
   456 | D        | Killed an earth elemental
   463 | D        | Entered arena 9.
   463 | D        | Noticed a crimson imp
   463 | D        | Noticed a crimson imp
   463 | D        | Noticed a large abomination
   468 | D        | Killed a large abomination
   471 | D        | Killed a crimson imp
   472 | D        | Killed a crimson imp
   483 | D        | Entered arena 10.
   483 | D        | Noticed a spriggan
   483 | D        | Noticed a spriggan rider
   483 | D        | Noticed a wolf
   483 | D        | Noticed a black bear
   483 | D        | Noticed a spriggan druid
   483 | D        | Noticed a wolf
   483 | D        | Noticed a spriggan
   483 | D        | Noticed a spriggan rider
   484 | D        | Noticed a wolf
   487 | D        | Killed a spriggan
   488 | D        | Killed a wolf
   488 | D        | Reached skill level 14 in Axes
   489 | D        | Killed a wolf
   490 | D        | Killed a spriggan druid
   491 | D        | Killed a spriggan
   491 | D        | Killed a black bear
   491 | D        | Reached skill level 15 in Axes
   491 | D        | Reached skill level 1 in Dodging
   492 | D        | Killed a spriggan rider
   492 | D        | Killed a wasp
   494 | D        | Killed a wolf
   494 | D        | Killed a spriggan rider
   494 | D        | Killed a wasp
   535 | D        | Entered arena 11.
   535 | D        | Noticed a hell hound
   535 | D        | Noticed an efreet
   535 | D        | Noticed a fire elemental
   535 | D        | Noticed a fire giant
   535 | D        | Noticed an efreet
   535 | D        | Noticed an efreet
   536 | D        | Noticed a fire dragon
   536 | D        | Noticed a fire giant
   536 | D        | Noticed a fire dragon
   536 | D        | Noticed a fire drake
   541 | D        | Killed a hell hound
   541 | D        | Reached skill level 16 in Axes
   542 | D        | Killed a fire drake
   542 | D        | Killed a fire elemental
   542 | D        | Reached XP level 11. HP: 55/110 MP: 21/21
   542 | D        | Killed a fire giant
   542 | D        | Reached skill level 1 in Stealth
   542 | D        | Killed an efreet
   542 | D        | Reached skill level 17 in Axes
   542 | D        | Killed a fire dragon
   542 | D        | Killed an efreet
   542 | D        | Killed an efreet
   542 | D        | Reached skill level 15 in Invocations
   542 | D        | Killed a fire giant
   542 | D        | Reached skill level 15 in Fighting
   542 | D        | Reached skill level 18 in Axes
   544 | D        | Killed a fire dragon
   748 | D        | Entered arena 12.
   748 | D        | Noticed a soul eater
   748 | D        | Noticed a shadow dragon
   750 | D        | Killed a soul eater
   755 | D        | Killed a shadow dragon
   755 | D        | Reached skill level 15 in Shields
   755 | D        | Reached XP level 12. HP: 118/122 MP: 15/24
   800 | D        | Entered arena 13.
   801 | D        | Noticed an apis
   802 | D        | Noticed an angel
   802 | D        | Noticed an angel
   802 | D        | Noticed a cherub
   812 | D        | Killed an apis
   812 | D        | Reached skill level 19 in Axes
   814 | D        | Killed an angel
   815 | D        | Killed a cherub
   816 | D        | Killed an angel
   839 | D        | Entered arena 14.
   840 | D        | Noticed a tarantella
   840 | D        | Noticed a demonic crawler
   840 | D        | Noticed an emperor scorpion
   840 | D        | Noticed a jumping spider
   840 | D        | Noticed a hornet
   840 | D        | Noticed an orb spider
   840 | D        | Noticed a hornet
   840 | D        | Noticed a hornet
   840 | D        | Noticed an entropy weaver
   841 | D        | Noticed a wasp
   841 | D        | Noticed a wolf spider
   841 | D        | Noticed a moth of wrath
   841 | D        | Noticed a redback
   843 | D        | Killed a tarantella
   844 | D        | Killed a hornet
   844 | D        | Paralysed by a hornet for 4 turns
   848 | D        | Killed a moth of wrath
   850 | D        | Killed a jumping spider
   850 | D        | Killed an orb spider
   850 | D        | Killed a demonic crawler
   850 | D        | Killed a redback
   850 | D        | Killed a wolf spider
   851 | D        | Killed a hornet
   851 | D        | Reached skill level 20 in Axes
   851 | D        | Killed a wasp
   851 | D        | Killed an entropy weaver
   851 | D        | HP: 5/124 [poisoned by a hornet]
   851 | D        | Slain by a red devil

Vault maps used:
D:        sprint_v

Action                   |  1- 3 |  4- 6 |  7- 9 | 10-12 || total
-------------------------+-------+-------+-------+-------++-------
Melee: Broad axe         |     2 |     5 |    37 |    39 ||    83
Invok: Disaster Area     |       |       |       |     4 ||     4
  Use: Potion            |     1 |       |       |     1 ||     2
 Stab: Distracted        |       |       |       |     1 ||     1
